 Dungeon Crawl Stone Soup version 0.31-a0-237-g2d982f9f85 (webtiles) character file.

Game seed: 15106396273300564049

515 qw the Shooter (level 7, -3/43 HPs)
             Began as a Gargoyle Hexslinger on July 10, 2023.
             Killed by divine providence
             ... invoked by an orc priest
              (9 damage)
             ... on level 4 of the Dungeon.
             The game lasted 00:01:25 (3005 turns).

qw the Shooter (Gargoyle Hexslinger)                Turns: 3005, Time: 00:01:25

Health: -3/43      AC: 14    Str: 11    XL:     7   Next: 20%
Magic:  8/8        EV: 10    Int: 14    God:
Gold:   192        SH:  0    Dex: 14    Spells: 7/8 levels left

rFire   . . .        Y - +2 sling
rCold   . . .        (no shield)
rNeg    + + .        g - +0 ring mail
rPois   inf          a - +0 helmet
rElec   +            (no cloak)
rCorr   .            e - +2 pair of gloves
SInv    .            (no boots)
Will    .....        (no amulet)
Stlth   +            c - ring of positive energy
HPRegen 0.27/turn    (no ring)
MPRegen 0.11/turn

%: no passive effects
@: no status effects
A: sickness immunity, AC +4, negative energy resistance 1, electricity
resistance, torment resistance 1, petrification resistance
a: no special abilities


You were on level 4 of the Dungeon.
You visited 1 branch of the dungeon, and saw 4 of its levels.

You collected 192 gold pieces.


Innate Abilities, Weirdness & Mutations

You are immune to sickness and miasma.
Your stone body is resilient. (AC +4)
You are immune to poison.
You resist negative energy. (rN+)
You are resistant to electric shocks. (rElec)
You are resistant to unholy torment.
You are immune to petrification.


   Skills:
 - Level 4.0 Fighting
 + Level 6.3 Ranged Weapons
 - Level 1.9 Armour
 - Level 1.5 Dodging
 - Level 1.0 Spellcasting
 - Level 2.6 Hexes


You had 7 spell levels left.
You knew the following spells:

 Your Spells              Type           Power      Damage    Failure   Level
a - Slow                  Hex            32%        N/A       21%         1

Your spell library contained the following spells:

 Spells                   Type           Power      Damage    Failure   Level
 Inner Flame              Hex/Fire       4%         N/A       71%         3
 Portal Projectile        Hex/Tloc       8%         N/A       71%         3
 Cause Fear               Hex            4%         N/A       90%         4

Inventory:

Hand Weapons
 Y - a +2 sling (weapon)
Armour
 a - a +0 helmet (worn)
 e - a +2 pair of gloves (worn)
 g - a +0 ring mail (worn)
Jewellery
 c - a ring of positive energy (left hand)
Scrolls
 j - a scroll of teleportation {unknown}
 l - a scroll of identify {unknown}
Potions
 b - a potion of degeneration {unknown}
 d - a potion of resistance {unknown}
 f - 2 potions of mutation {unknown}
 h - a potion of haste {unknown}
 i - a potion of curing {unknown}
 k - a potion of might {unknown}

Dungeon Overview and Level Annotations

Branches:
Dungeon (4/15)
 Temple: D:4-7

Altars:
Gozag
Nemelex Xobeh
Ru
The Shining One

Annotations:
D:3 1 runed translucent door, Crazy Yiuf


Message History

The quokka closely misses you. Something hits you but does no damage.
The orc hits you with a +2 flail of holy wrath.
The orc priest completely misses you.
You shoot a sling bullet. The sling bullet hits the orc priest.
The orc priest is severely wounded.
The quokka bites you but does no damage.
Something hits you but does no damage. The orc priest barely misses you.
The orc hits you but does no damage.
You shoot a sling bullet. The sling bullet hits the orc priest!
You kill the orc priest!
The quokka twitches its whiskers.
The quokka bites you. Something hits you but does no damage.
The orc hits you but does no damage. The quokka barely misses you.
You shoot a sling bullet. The sling bullet hits the orc!
You kill the orc!
Something hits you but does no damage. The quokka closely misses you.
You hear some strange, mumbled words.
Something tries to affect you, but you resist.
You shoot a sling bullet.
The sling bullet closely misses the quokka.
The sling bullet closely misses the orc priest.
The quokka bites you but does no damage. x2
Something hits you but does no damage.
You shoot a sling bullet. The sling bullet hits the quokka.
The quokka is heavily wounded.
The quokka misses you.
You shoot a sling bullet. The sling bullet hits the quokka.
You kill the quokka!
Something hits you but does no damage.
You shoot a sling bullet. The sling bullet hits the orc priest!
The orc priest is heavily wounded.
The orc priest hits you but does no damage.
Something hits you but does no damage.
You shoot a sling bullet.
The sling bullet barely misses the orc priest.
The orc priest hits you but does no damage.
Something hits you but does no damage. x2
The orc priest invokes the aid of Beogh against you.
Beogh smites you!
You die...

#.# ########
#.#.######.....##
#.#......'.....'.
#.########.....## #.#
#.........
###.######.#.....##
#..................
../#+###.##(.#..........
......o@.#.....#####...%
.......))..#####...#####
....[......'....._.....'
##########.#####...#####
~_~# #.......#####....
...## #.##.##.......###
.~.#. ..#
#.##.......#.## ...#.
#.# #.###.####.#.#
.~.#.## #.#
#.....#....#.#


You could see an orc priest.

Vanquished Creatures
  A black bear (D:4)
  An ogre (D:4)
  A phantom (D:4)
  A jelly (D:3)
  An orc priest (D:4)
  Jessica (D:2)
  Robin (D:2)
  A gnoll (D:1)
  6 adders
  2 white imps
  2 dart slugs
  A worm (D:2)
  4 orcs
  4 endoplasms
  A giant cockroach (D:4)
  10 goblins
  9 hobgoblins
  7 jackals
  3 quokkas
  4 ball pythons
  7 bats
  A frilled lizard (D:2)
  A goblin skeleton (D:3)
  A goblin zombie (D:3)
  2 hobgoblin zombies (D:3)
  7 kobolds
  A kobold skeleton (D:3)
  A kobold zombie (D:3)
  3 orc skeletons (D:3)
  2 orc zombies (D:3)
  5 rats
92 creatures vanquished.

Notes
Turn   | Place    | Note
-------+----------+-------------------------------------------
     0 | D:1      | qw the Gargoyle Hexslinger began the quest for the Orb.
     0 | D:1      | Reached XP level 1. HP: 12/12 MP: 2/2
     0 | D:1      | 0 ||| qw: Version: 0.3-a-52-g30416fa
     0 | D:1      | 0 ||| qw: Game counter: 5208
     0 | D:1      | 0 ||| qw: Melee chars always use a shield: true
     0 | D:1      | 0 ||| qw: God list: Okawaru
     0 | D:1      | 0 ||| qw: Allow faded altars: false
     0 | D:1      | 0 ||| qw: Do Orc after clearing Dungeon:15 true
     0 | D:1      | 0 ||| qw: Do second Lair branch before Depths: true
     0 | D:1      | 0 ||| qw: Lair rune preference: random
     0 | D:1      | 0 ||| qw: Goals: Normal
     0 | D:1      | 0 ||| PLANNING D:1-11
   105 | D:1      | Reached XP level 2. HP: 16/16 MP: 3/3
   144 | D:1      | Reached skill level 3 in Ranged Weapons
   231 | D:1      | Reached XP level 3. HP: 21/21 MP: 4/4
   644 | D:1      | 644 ||| Stepping ~*~*~tactically~*~*~ (outnumbered).
   850 | D:1      | 850 ||| UPGRADING to +2 pair of gloves.
   855 | D:1      | 855 ||| UPGRADING to +0 ring mail.
   865 | D:1      | 865 ||| DROPPING +0 robe.
   866 | D:1      | 866 ||| READING scroll labelled SOAZXUERRI.
   867 | D:1      | 867 ||| DROPPING scroll of poison.
   876 | D:2      | 876 ||| FLEEEEING.
   938 | D:2      | Noticed Jessica
   943 | D:2      | Killed Jessica
   944 | D:2      | Reached skill level 1 in Armour
   944 | D:2      | Reached XP level 4. HP: 26/26 MP: 5/5
  1131 | D:2      | Reached skill level 4 in Ranged Weapons
  1135 | D:2      | Identified the +3 flail of Collusion {heavy, rF- Int+5}
  1292 | D:2      | 1292 ||| READING scroll labelled NAUJEPHINU.
  1293 | D:2      | 1293 ||| READING scroll labelled WOJAOCREAVE.
  1294 | D:2      | 1294 ||| READING scroll labelled QUIB POGONALAO.
  1311 | D:3      | Noticed Robin
  1316 | D:3      | 1316 ||| STAIRDANCE
  1324 | D:2      | Killed Robin
  1324 | D:2      | HP: 5/26 [hobgoblin[Robin] (4)]
  1325 | D:2      | Reached XP level 5. HP: 6/30 MP: 6/6
  1427 | D:2      | 1427 ||| UPGRADING to +0 helmet.
  1436 | D:3      | 1436 ||| STAIRDANCE
  1542 | D:3      | Found an opulent altar of Gozag.
  1917 | D:3      | Reached skill level 5 in Ranged Weapons
  1925 | D:3      | 1925 ||| FLEEEEING.
  1926 | D:3      | 1926 ||| FLEEEEING.
  1951 | D:3      | Found a glowing golden altar of the Shining One.
  2183 | D:3      | Found a runed translucent door.
  2184 | D:3      | Noticed Crazy Yiuf
  2396 | D:3      | 2396 ||| UPGRADING to ring of positive energy.
  2397 | D:3      | 2397 ||| READING scroll labelled FUCHOT LEAROIL.
  2533 | D:4      | Noticed a phantom
  2552 | D:4      | Killed a phantom
  2553 | D:4      | Reached skill level 3 in Fighting
  2553 | D:4      | Reached XP level 6. HP: 38/38 MP: 7/7
  2558 | D:4      | Noticed a black bear
  2565 | D:4      | Killed a black bear
  2606 | D:4      | Found a sacrificial altar of Ru.
  2621 | D:4      | Reached skill level 6 in Ranged Weapons
  2621 | D:4      | Reached XP level 7. HP: 23/42 MP: 8/8
  2767 | D:4      | Found a sparkling altar of Nemelex Xobeh.
  2776 | D:4      | Found the +1 Delatra's gloves {ID++}
  2994 | D:4      | HP: 6/43 [orc priest/divine providence (13)]
  2999 | D:4      | HP: 4/43 [quokka (1)]
  3005 | D:4      | Killed from afar by an orc priest

Levels and vault maps discovered:
D:1:      heliophobic_arrival_glass_houses, layout_basic,
          hangedman_decor_clover_reticule
D:2:      layout_rooms, uniq_jessica
D:3:      layout_basic, mainiacjoe_overflow_chevrons,
          nicolae_tso_besieged_by_evil, uniq_crazy_yiuf_cottage, uniq_robin
D:4:      layout_basic, mainiacjoe_overflow_surrounded_room,
          nicolae_ru_path_of_blood, serial_shops, nicolae_shop_hallway_stairs,
          minmay_misc_feat_columns

Skill      XL: |  1  2  3  4  5  6  7 |
---------------+----------------------+-----
Ranged Weapons | 3 4 5 6 |  6.3
Fighting       | 2 3 4 |  4.0
Armour         | 1 |  1.9
Dodging        | |  1.5
Spellcasting   | |  1.0
Hexes          | |  2.6

Action                     |  1- 3 |  4- 6 |  7- 9 || total
---------------------------+-------+-------+-------++-------
   Fire: Sling             |   123 |   198 |    66 ||   387
    Use: Scroll            |     1 |     4 |       ||     5
 Armour: Robe              |    13 |       |       ||    13
         Ring mail         |       |    80 |    62 ||   142
  Dodge: Dodged            |    46 |    92 |    41 ||   179

Table legend:
 A = Non-vault XP
 B = Vault XP
 C = Vault XP percentage of total XP
 D = Non-vault monster count
 E = Vault monster count
 F = Vault count percentage of total count
                 A         B        C        D         E       F
            +---------+---------+-------+---------+---------+-------
      Total |     654 |      82 |  11.1 |      74 |      18 |  19.6
            +---------+---------+-------+---------+---------+-------
        D:1 |      67 |       0 |   0.0 |      32 |       0 |   0.0
        D:2 |      56 |      59 |  51.3 |      17 |       5 |  22.7
        D:3 |      84 |      23 |  21.5 |      10 |      13 |  56.5
        D:4 |     447 |       0 |   0.0 |      15 |       0 |   0.0
            +---------+---------+-------+---------+---------+-------
